 Dungeon Crawl Stone Soup version 0.17-a0-1701-gf693a3f (webtiles) character file.

92 DEFE the Skirmisher (level 4, 0/37 HPs)
             Began as a Formicid Abyssal Knight on Aug 21, 2015.
             Was a Believer of Lugonu.
             Killed by a spatial distortion (4 damage)
             ... on level 2 of the Dungeon.
             The game lasted 00:03:15 (2831 turns).

DEFE the Skirmisher (Formicid Abyssal Knight)       Turns: 2831, Time: 00:03:15

Health: 0/37       AC:  3    Str: 18    XL:     4   Next: 90%
Magic:  6/6        EV: 11    Int: 11    God:    Lugonu [**....]
Gold:   85         SH:  0    Dex: 10    Spells: 0 memorised, 3 levels left

rFire  . . .     SeeInvis +     a - +1 falchion
rCold  . . .     Clarity  .     b - +0 leather armour
rNeg   + . .     SustAt   .     (no shield)
rPois  .         Gourm    .     (helmet unavailable)
rElec  .         Spirit   .     (no cloak)
rCorr  .         Warding  .     (no gloves)
rMut   .         Stasis   +     (no boots)
MR     .....                    (no amulet)
Stlth  +.........               (no ring)
                                n - ring of positive energy

@: very slightly contaminated, invisible, not resistant to hostile enchantments,
very unstealthy
A: permanent stasis, dig shafts and tunnels, four strong arms, antennae 3
a: Dig, Shaft Self, Depart the Abyss, Bend Space, Renounce Religion


You were on level 2 of the Dungeon.
You worshipped Lugonu.
Lugonu was pleased with you.
You were not hungry.

You visited 1 branch of the dungeon, and saw 2 of its levels.
You visited the Abyss 1 time.

You collected 85 gold pieces.

Inventory:

Hand weapons
 a - a +1 falchion (weapon)
Armour
 b - a +0 leather armour (worn)
Jewellery
 n - a ring of positive energy (left hand)
Scrolls
 e - a scroll of magic mapping {unknown}
 g - 3 scrolls of blinking {unknown}
 i - a scroll of random uselessness {unknown}
 j - 2 scrolls of amnesia {unknown}
 l - a scroll of enchant armour {unknown}
 m - 3 scrolls of identify {unknown}
 q - a scroll of noise {unknown}
Potions
 f - a potion of magic {unknown}
 h - a potion of agility {unknown}
 p - a potion of curing {unknown}
Comestibles
 c - 3 bread rations
 d - a meat ration
 o - 3 fruits


   Skills:
 + Level 3.9 Fighting
 + Level 2.7 Long Blades
 + Level 3.0 Armour
 + Level 1.9 Dodging
 + Level 2.8 Invocations


You had 3 spell levels left.
You didn't know any spells.

Dungeon Overview and Level Annotations

Branches:
Dungeon (2/15)

Altars:
The Shining One


Innate Abilities, Weirdness & Mutations

You are under a permanent stasis effect.
You can dig through walls and to a lower floor.
Your four strong arms can wield two-handed weapons with a shield.
You have a pair of large antennae on your head (SInv).


Message History

The giant gecko is heavily wounded.
The giant gecko bites you.
* * * LOW HITPOINT WARNING * * *
You are too injured to fight recklessly!
You are too injured to fight recklessly!
You are too injured to fight recklessly!
The giant gecko bites you.
* * * LOW HITPOINT WARNING * * *
Read which item? (? for menu, Esc to quit)
Okay, then.
Drink which item? (? for menu, Esc to quit)
Okay, then.
Drink which item? (? for menu, Esc to quit)
You fade into invisibility!
The giant gecko bites you.
* * * LOW HITPOINT WARNING * * *
You are very lightly contaminated with residual magic.
Use which ability? (? or * to list) Space bends around you!
You blink.
You die...

..###..## ##...........#
......## ### ##.....######
...#### #.######....#
.....# ##†....######
#....#######.......##
##.....#....).......######
#.....>......†..(§l.h...#
#...................####..#
................@...# #.#
...................## ..#
...................# .#
.......#...........# .#
###########........# #
#........# #....<....
##.......##


You could see a hound and a giant gecko.

Vanquished Creatures
  4 adders (D:2)
  2 worms (D:2)
  A giant gecko (D:1)
  A ball python (D:1)
  A giant cockroach (D:2)
  2 hobgoblins
  9 jackals
  A quokka (D:2)
  8 bats
  3 giant newts
  6 goblins
  3 kobolds
  9 rats
50 creatures vanquished.

Notes
Turn   | Place    | Note
--------------------------------------------------------------
     0 | Abyss:1  | DEFE the Formicid Abyssal Knight began the quest for the Orb.
     0 | Abyss:1  | Reached XP level 1. HP: 18/18 MP: 2/2
    45 | Abyss:1  | Found a corrupted altar of Lugonu.
    57 | D:1      | Escaped the Abyss
   158 | D:1      | Reached skill level 1 in Dodging
   218 | D:1      | Reached XP level 2. HP: 16/24 MP: 3/3
   646 | D:1      | Acquired Lugonu's second power
   845 | D:1      | Reached XP level 3. HP: 29/29 MP: 4/4
  1736 | D:2      | Reached XP level 4. HP: 11/37 MP: 6/6
  2363 | D:2      | Found a glowing golden altar of the Shining One.
  2831 | D:2      | Killed by a spatial distortion

Vault maps used:
D:1:      lightli_arrival_statuegarden
D:2:      kiku_gazebo_garden_becter, nicolae_overflow_crystal_walls,
          first_bread, makhleb_heckhound_becter

Action                   |  1- 3 |  4- 6 || total
-------------------------+-------+-------++-------
Melee: Falchion          |   117 |    73 ||   190
Invok: Bend Space        |     1 |       ||     1
 Abil: Dig               |       |     1 ||     1
  Use: Potion            |     2 |     1 ||     3
  Eat: Chunk             |     2 |       ||     2
       Meat ration       |       |     1 ||     1
